 Dungeon Crawl Stone Soup version 0.30.1-11-g7821555f0a (webtiles) character file.

Game seed: 8817528076071819671

17647 Kallu the Artisan of Death (level 12, -4/79 (80) HPs)
             Began as a Black Draconian Earth Elementalist on Jan 7, 2024.
             Was a Priest of Kikubaaqudgha.
             Slain by a spectral black mamba (7 damage)
             ... called from beyond by a revenant
             ... on level 2 of the Abyss.
             The game lasted 00:33:59 (13948 turns).

Kallu the Artisan of Death (DrEE)                  Turns: 13948, Time: 00:33:59

HP:   -4/79 (80)    AC: 14    Str: 12    XL:     12   Next: 20%
MP:   20/20         EV: 12    Int: 20    God:    Kikubaaqudgha [***...]
Gold: 542           SH:  7    Dex: 11    Spells: 9/21 levels left

rFire   + . .        a - +9 lance "Wyrmbane" {slay drac, rPois rF+ rC+ AC+3}
rCold   + . .        I - +3 warlock's mirror {omnireflect}
rNeg    . . .        (body armour unavailable)
rPois   +            (helmet restricted)
rElec   +            (no cloak)
rCorr   .            s - +2 pair of gloves
SInv    .            (no boots)
Will    .....        (no amulet)
Stlth   ++           l - ring of poison resistance
HPRegen 0.33/turn    y - +4 ring of slaying
MPRegen 0.17/turn

%: reflection
@: about to teleport, lightly drained
A: breathe lightning, AC +8, unfitting armour, electricity resistance,
cold-blooded, [frail 2], [inability to read after injury 1]
a: Breathe Lightning, Renounce Religion, Unearth Wretches


You were on level 2 of the Abyss.
You worshipped Kikubaaqudgha.
Kikubaaqudgha was most pleased with you.
You visited 1 branch of the dungeon, and saw 10 of its levels.
You visited the Abyss 1 time.

You collected 682 gold pieces.
You spent 140 gold pieces at shops.

Inventory:

Hand Weapons
 a - the +9 lance "Wyrmbane" (weapon) {slay drac, rPois rF+ rC+ AC+3}
   (You took it off Maggie on level 9 of the Dungeon)

   AC:        It affects your AC (+3).
   rF:        It protects you from fire.
   rC:        It protects you from cold.
   rPois:     It protects you from poison.
Missiles
 i - 6 curare-tipped darts
 x - 13 poisoned darts
Armour
 s - a +2 pair of gloves (worn)
 I - the +3 warlock's mirror (worn) {omnireflect}
   (You found it on level 10 of the Dungeon)

   Omnireflect: It can block and reflect piercing ranged attacks and magical
   attacks against the wielder's willpower.
Jewellery
 l - a ring of poison resistance (left hand)
 y - a +4 ring of slaying (right hand)
Wands
 u - a wand of mindburst (2)
 w - a wand of paralysis (12)
 z - a wand of light (3)
 B - a wand of flame (13)
 G - a wand of roots (4)
Scrolls
 c - 3 scrolls of amnesia
 d - 2 scrolls of vulnerability
 g - 2 scrolls of torment
 j - 3 scrolls of poison
 n - 3 scrolls of noise
 q - a scroll of brand weapon
Potions
 f - 4 potions of might
 h - 2 potions of lignification {unknown}
 m - 2 potions of haste
 p - a potion of resistance {unknown}
 r - 2 potions of brilliance
 t - a potion of flight {unknown}
 v - 2 potions of mutation {unknown}
 C - a potion of magic
 F - 2 potions of cancellation {unknown}
Miscellaneous
 E - a phial of floods


   Skills:
 + Level 7.3 Fighting
 - Level 6.0 Polearms
 - Level 3.0 Dodging
 - Level 1.7 Stealth
 * Level 3.9 Shields
 - Level 5.4 Spellcasting
 - Level 10.0 Conjurations
 + Level 11.7 Necromancy
 - Level 1.0 Transmutations
 + Level 5.2 Air Magic
 - Level 4.1 Earth Magic


You had 9 spell levels left.
You knew the following spells:

 Your Spells              Type           Power      Damage    Failure   Level
a - Sandblast             Erth           44%        2d11      2%          1
b - Stone Arrow           Conj/Erth      66%        3d11      2%          3
c - Petrify               Tmut/Erth      15%        N/A       45%         4
d - Searing Ray           Conj           90%        2d7       1%          2
A - Passwall              Tmut/Erth      12%        N/A       8%          2

Your spell library contained the following spells:

 Spells                   Type           Power      Damage    Failure   Level
 Kiss of Death            Conj/Necr      100%       2d13      1%          1
 Magic Dart               Conj           100%       1d8       1%          1
 Necrotise                Necr           100%       1d9       1%          1
 Sublimation of Blood     Necr           51%        N/A       1%          2
 Animate Dead             Necr           51%        N/A       1%          4
 Dispel Undead            Necr           51%        3d19      1%          4
 Mephitic Cloud           Conj/Pois/Air  25%        N/A       5%          3
 Poisonous Vapours        Pois/Air       30%        N/A       8%          2
 Sting                    Tmut/Pois      28%        1d4       12%         1
 Anguish                  Hex/Necr       14%        N/A       13%         4
 Borgnjor's Vile Clutch   Necr/Erth      18%        N/A       16%         5
 Fulminant Prism          Conj/Hex       12%        3d8       19%         4
 Ensorcelled Hibernation  Hex/Ice        10%        N/A       22%         2
 Spider Form              Tmut/Pois      7%         N/A       36%         3
 Freezing Cloud           Conj/Ice/Air   12%        6-21      45%         5
 Olgreb's Toxic Radiance  Pois           5%         N/A       83%         4
 Simulacrum               Ice/Necr       14%        N/A       90%         6


Dungeon Overview and Level Annotations

Branches:
Dungeon (10/15)            Temple (0/1) D:7
   Lair: D:8-11         Orc: D:9-12

Altars:
Ashenzari
Cheibriados
Dithmenos
Elyvilon
Fedhas
Kikubaaqudgha
Makhleb
Nemelex Xobeh
Okawaru
Qazlal
Ru
Sif Muna
Uskayaw
Vehumet
The Shining One

Shops:
D:5 !

Annotations:
D:4 3 runed translucent doors, Plommelars's ghost, amateur MiFi
D:10 Erolcha


Innate Abilities, Weirdness & Mutations

You can breathe wild blasts of lightning.
Your glossy black scales are hard. (AC +8)
You cannot fit into any form of body armour.
You are resistant to electric shocks. (rElec)
You are cold-blooded and may be slowed by cold attacks.
[You are very frail. (-20% HP)]
[You occasionally lose the ability to read scrolls when taking damage.]


Message History

Found a book of Vapours and a book of Cantrips.
The ynoxinul bellows!
Tentacles burst from the starspawn's body!
A tentacled starspawn comes into view. 2 starspawn tentacles come into view.
There is an open door here.
As you read the scroll of teleportation, it crumbles to dust.
You feel strangely unstable.
You feel the power of the Abyss delaying your translocation!
A wretched star comes into view.
The spectral black mamba bites you.
* * * LOW HITPOINT WARNING * * *
The large abomination barely misses you.
You block the spectral snapping turtle's attack.
A large abomination comes into view.
The ynoxinul gestures.
The revenant lashes out with ghostly flames.
The ghostly flame explodes!
The ghostly fireball engulfs the spectral black mamba.
The spectral black mamba completely resists.
The ghostly fireball engulfs you.
You feel drained.
* * * LOW HITPOINT WARNING * * *
The ghostly fireball engulfs the spectral snapping turtle.
The spectral snapping turtle completely resists.
Unknown command.
The spectral black mamba closely misses you.
The revenant conjures spectral mists around you.
The spectral mist engulfs you but does no damage.
Unknown command.
You puncture the spectral black mamba!
The spectral black mamba is moderately damaged.
You are engulfed in spectral mist.
* * * LOW HITPOINT WARNING * * *
You block the spectral black mamba's attack.
The large abomination hits you!
* * * LOW HITPOINT WARNING * * *
The wretched star is engulfed in spectral mist.
The spectral black mamba bites you!
You die...
Kikubaaqudgha rasps: "You have failed me!
Welcome... death!" ## .#.. ## ..w.+ + . #3.X##. . # #<..:5# ..## ... #.\#X:+ #○.##.# #§\#X###○....# +wXZZZ#

#.# #☼@#○°+..#
.###○○.#.
.......§zZ.# . .
...#.##○.####...
#.#..###.#.#...
#.. ##...
##.#..#.....
..## #..#... ...
.. # .#....... #
..#.. .#


You could see 2 tentacled starspawn, a revenant, 2 large abominations, a
spectral black mamba (summoned), a spectral dire elephant (summoned), a spectral
snapping turtle (summoned), a spectral stone giant (summoned), a ynoxinul, a
starspawn tentacle and an ufetubus (summoned).

Vanquished Creatures
  2 tentacled starspawn (Abyss:2)
  A two-headed ogre (D:10)
  A wretched star (Abyss:2)
  7 wizards (D:10)
  Maggie (D:9)
  2 ancient zymes (Abyss:2)
  A raiju (Abyss:2)
  Grinder (D:6)
  A raiju (shapeshifter) (D:9)
  A troll (D:7)
  A shadow (D:10)
  A slime creature (Abyss:2)
  15 yaks
  2 ynoxinuls (Abyss:2)
  2 wyverns
  4 wraiths
  2 large abominations (Abyss:2)
  A vampire mosquito (D:7)
  4 steam dragons
  An acid dragon (D:7)
  4 water moccasins
  5 sky beasts
  3 black bears
  2 ice beasts
  An orc warrior (D:9)
  A phantom (D:6)
  10 centaurs
  2 kobold brigands
  4 bullfrogs
  A scorpion (D:6)
  4 wights (D:9)
  11 killer bees
  2 howler monkeys
  A small abomination (Abyss:2)
  A crimson imp (D:6)
  An iron imp (D:6)
  An orc priest (D:7)
  A hound (D:4)
  2 sleepcaps
  2 iguanas
  5 orc wizards
  6 adders
  An ufetubus (Abyss:2)
  A dart slug (D:5)
  20 orcs
  5 endoplasms
  12 goblins
  6 hobgoblins
  12 jackals
  9 quokkas
  3 ball pythons
  6 bats
  3 frilled lizards (D:1)
  7 kobolds
  5 rats
  2 starspawn tentacles (Abyss:2)
213 creatures vanquished.

Vanquished Creatures (others)
  2 wizards (D:10)
  An orc (D:7)
  12 starspawn tentacles (Abyss:2)
15 creatures vanquished.

Grand Total: 228 creatures vanquished

Notes
Turn   | Place    | Note
-------+----------+-------------------------------------------
     0 | D:1      | Kallu the Draconian Earth Elementalist began the quest for
                  | the Orb.
     0 | D:1      | Reached XP level 1. HP: 14/14 MP: 3/3
   194 | D:1      | Reached XP level 2. HP: 20/20 MP: 1/5
   431 | D:1      | You fall into a shaft and drop 1 floor!
  1088 | D:2      | Reached XP level 3. HP: 26/26 MP: 3/6
  1774 | D:3      | Learned a level 3 spell: Stone Arrow
  1777 | D:3      | Learned a level 2 spell: Passwall
  1780 | D:3      | Reached XP level 4. HP: 33/33 MP: 6/8
  1862 | D:3      | Found a faded altar of an unknown god.
  2316 | D:3      | Reached skill level 5 in Earth Magic
  2316 | D:3      | Reached XP level 5. HP: 20/38 MP: 1/9
  2433 | D:3      | Found a sparkling altar of Nemelex Xobeh.
  2544 | D:3      | Found a shadowy altar of Dithmenos.
  2806 | D:4      | Noticed a centaur
  2862 | D:4      | Reached skill level 1 in Conjurations
  2974 | D:4      | Identified the +1 leather armour of Spite {rC- Int+3 Dex+4}
  3031 | D:4      | Killed a centaur
  3381 | D:4      | Reached XP level 6. HP: 42/45 MP: 4/11
  3389 | D:4      | Learned a level 4 spell: Petrify
  3585 | D:4      | Found a runed translucent gate.
  3585 | D:4      | Found a runed translucent gate.
  3586 | D:4      | Found a runed translucent gate.
  3588 | D:4      | Noticed Plommelars's ghost (amateur MiFi)
  3963 | D:5      | Entered Level 5 of the Dungeon
  4080 | D:5      | Noticed an ice beast
  4084 | D:5      | Killed an ice beast
  4133 | D:5      | Found Fusic's Distillery.
  4141 | D:5      | Bought a potion of haste for 140 gold pieces
  4444 | D:5      | HP: 1/45 [centaur/+0 morningstar (6)]
  4451 | D:5      | Reached skill level 5 in Spellcasting
  4451 | D:5      | Your scales start taking on a glossy black colour.
  4451 | D:5      | Reached XP level 7. HP: 10/50 MP: 1/14
  4451 | D:5      | Gained mutation: You are resistant to electric shocks.
                  | (rElec) [Black Draconian growth]
  5217 | D:6      | Found a snail-covered altar of Cheibriados.
  5248 | D:6      | Learned a level 2 spell: Searing Ray
  5384 | D:6      | Reached skill level 1 in Air Magic
  5512 | D:6      | Found a radiant altar of Vehumet.
  5513 | D:6      | Found a burning altar of Makhleb.
  5697 | D:6      | Noticed a steam dragon
  5709 | D:6      | Killed a steam dragon
  6006 | D:6      | Reached skill level 5 in Conjurations
  6100 | D:6      | Found a stormy altar of Qazlal.
  6145 | D:6      | Found a sacrificial altar of Ru.
  6147 | D:6      | Reached XP level 8. HP: 53/57 MP: 9/16
  6149 | D:6      | Found an ancient bone altar of Kikubaaqudgha.
  6149 | D:6      | Found a hide-covered altar of Uskayaw.
  6200 | D:6      | Found a broken altar of Ashenzari.
  6203 | D:6      | Found a shimmering blue altar of Sif Muna.
  6217 | D:6      | Became a worshipper of Kikubaaqudgha
  6579 | D:6      | Noticed Grinder
  6734 | D:6      | Killed Grinder
  6763 | D:6      | Reached skill level 1 in Necromancy
  6851 | D:6      | Reached skill level 2 in Necromancy
  6963 | D:7      | Reached skill level 3 in Necromancy
  7043 | D:7      | Reached skill level 4 in Necromancy
  7143 | D:7      | Reached XP level 9. HP: 21/62 MP: 5/17
  7251 | D:7      | Reached skill level 5 in Necromancy
  7268 | D:7      | Reached * piety under Kikubaaqudgha
  7268 | D:7      | Received a gift from Kikubaaqudgha
  7475 | D:7      | Reached skill level 6 in Necromancy
  7618 | D:7      | Identified the +5 ring mail of Supple Strength {rF+ rN+
                  | Str+3}
  7620 | D:7      | Reached skill level 7 in Necromancy
  7828 | D:7      | Found a staircase to the Ecumenical Temple.
  8100 | D:7      | Found an iron altar of Okawaru.
  8184 | D:7      | Reached skill level 8 in Necromancy
  8445 | D:7      | Noticed a cyclops
  8542 | D:7      | Noticed a troll
  8693 | D:8      | Reached skill level 9 in Necromancy
  8856 | D:8      | Found a white marble altar of Elyvilon.
  9073 | D:8      | Found a glowing golden altar of the Shining One.
  9092 | D:8      | Reached XP level 10. HP: 57/69 MP: 4/18
  9141 | D:8      | Reached skill level 10 in Necromancy
  9177 | D:7      | Reached skill level 1 in Fighting
  9950 | D:9      | Reached skill level 5 in Fighting
 10158 | D:9      | Reached ** piety under Kikubaaqudgha
 10162 | D:9      | Noticed Maggie
 10182 | D:9      | Killed Maggie
 11472 | D:9      | Reached skill level 1 in Polearms
 11708 | D:9      | Reached XP level 11. HP: 80/88 MP: 8/19
 11868 | D:10     | Entered Level 10 of the Dungeon
 11911 | D:10     | Noticed Erolcha
 11913 | D:10     | Noticed a two-headed ogre
 12063 | D:10     | Reached skill level 11 in Necromancy
 12089 | D:10     | Killed a two-headed ogre
 12182 | D:10     | Noticed a wizard
 12192 | D:10     | Killed a wizard
 12195 | D:10     | Noticed a wizard
 12200 | D:10     | Noticed a wizard
 12373 | D:10     | Killed a wizard
 12403 | D:10     | Found a blossoming altar of Fedhas.
 12456 | D:10     | Noticed a wizard
 12468 | D:10     | Killed a wizard
 12875 | D:10     | Noticed a wizard
 12885 | D:10     | Killed a wizard
 13001 | D:10     | Noticed a wizard
 13006 | D:10     | Noticed a wizard
 13016 | D:10     | Killed a wizard
 13024 | D:10     | Killed a wizard
 13033 | D:10     | Noticed a wizard
 13132 | D:10     | Killed a wizard
 13139 | D:10     | Noticed a wizard
 13143 | D:10     | Killed a wizard
 13145 | D:10     | Found the +3 warlock's mirror {omnireflect}
 13172 | D:10     | Noticed a wizard
 13175 | D:10     | Noticed a wizard
 13185 | D:10     | Killed a wizard
 13194 | D:10     | Banished a wizard
 13195 | D:10     | Reached skill level 1 in Shields
 13316 | Abyss:2  | Found a corrupted altar of Lugonu.
 13316 | Abyss:2  | Cast into level 2 of the Abyss (a wizard)
 13350 | Abyss:2  | Noticed a tentacled starspawn
 13389 | Abyss:2  | Killed a tentacled starspawn
 13390 | Abyss:2  | Reached skill level 5 in Polearms
 13390 | Abyss:2  | Reached skill level 10 in Conjurations
 13426 | Abyss:2  | Noticed a tentacled starspawn
 13427 | Abyss:2  | Found a corrupted altar of Lugonu.
 13459 | Abyss:2  | Found an opulent altar of Gozag.
 13533 | Abyss:2  | Reached XP level 12. HP: 17/100 MP: 3/20
 13599 | Abyss:2  | HP: 1/100 [ynoxinul/iron shot (20)]
 13806 | Abyss:2  | Noticed a tentacled starspawn
 13827 | Abyss:2  | Killed a tentacled starspawn
 13827 | Abyss:2  | Reached *** piety under Kikubaaqudgha
 13827 | Abyss:2  | Received a gift from Kikubaaqudgha
 13828 | Abyss:2  | Reached skill level 5 in Air Magic
 13831 | Abyss:2  | HP: 3/80 [raiju (3)]
 13845 | Abyss:2  | Noticed a cacodemon
 13887 | Abyss:2  | Noticed a revenant
 13910 | Abyss:2  | Noticed a tentacled starspawn
 13930 | Abyss:2  | Noticed a Hell Sentinel
 13945 | Abyss:2  | Noticed a tentacled starspawn
 13948 | Abyss:2  | HP: 3/79 [large abomination (7)]
 13948 | Abyss:2  | Slain by a spectral black mamba

Illustrated notes

Levels and vault maps discovered:
D:1:      minmay_arrival_checkered_box, layout_basic
D:2:      layout_basic
D:3:      layout_loops_ring, nemelex_spade_bored_becter, grunt_dithmenos_smoke,
          hellmonk_ecumenical_altar_inner_sanctum
D:4:      layout_loops_corners, ebering_ghost_rock_garden
D:5:      layout_loops_ring, minmay_misc_feat_pillars, nicolae_stop_n_shop_2,
          minmay_misc_feat_secret_circle
D:6:      layout_loops_corners, grunt_temple_overflow_lords_of_destruction,
          nicolae_qazlal_scattered_showers, chei_slow_surprise,
          minmay_overflow_temple_star_hex, gup_sewer_entry_spiral,
          minmay_starry_boxes, uniq_grinder
D:7:      nzn_winding_woodlands_stair_cross
          [nzn_winding_woodlands_5x15_split_checker,
          nzn_winding_woodlands_center_garden,
          nzn_winding_woodlands_5x15_garden, nzn_winding_woodlands_5x5_three,
          nzn_winding_woodlands_5x5_checkerboard,
          nzn_winding_woodlands_5x15_longhouse,
          nzn_winding_woodlands_center_diamonds,
          nzn_winding_woodlands_5x15_pockets], layout_basic,
          kennysheep_okawaru_gauntlet, temple_statues, uniq_joseph
D:8:      layout_rooms, general_overflow_altar, mainiacjoe_overflow_tiny_flanked
D:9:      layout_grid_maze, dreamdust_wishing_well, uniq_maggie
D:10:     minmay_smoke_and_mirrors, layout_cave_pools,
          mainiacjoe_overflow_alcove_2, uniq_erolcha
Abyss:2:  base: D:5, hangedman_decor_points, hangedman_abyss_or_decor_passed,
          minivault_19, hangedman_shadowy_showcase, minivault_13

Skill      XL: |  1  2  3  4  5  6  7  8  9 10 11 12 |
---------------+-------------------------------------+-----
Earth Magic    | 4 5 4 |  4.1
Spellcasting   | 3 5 |  5.4
Conjurations   | 2 3 5 8 9 10 | 10.0
Air Magic      | 2 4 5 |  5.2
Necromancy     | 4 9 10 11 | 11.7
Dodging        | 3 |  3.0
Fighting       | 5 7 |  7.3
Polearms       | 1 5 6 |  6.0
Shields        | 2 3 |  3.9
Stealth        | |  1.7
Transmutations | |  1.0

Action                     |  1- 3 |  4- 6 |  7- 9 | 10-12 || total
---------------------------+-------+-------+-------+-------++-------
  Melee: Unarmed           |     8 |     6 |    23 |     2 ||    39
         Tailslap          |       |       |     5 |    12 ||    17
         Lance             |       |       |       |   133 ||   133
         Spear             |       |       |       |     6 ||     6
   Cast: Sandblast         |    40 |    97 |    29 |     4 ||   170
         Stone Arrow       |       |     1 |     4 |     3 ||     8
         Searing Ray       |       |       |    61 |    74 ||   135
Ability: Breathe Lightning |       |       |    11 |    11 ||    22
  Evoke: Wand              |       |       |     2 |    21 ||    23
    Use: Scroll            |       |    11 |     6 |    13 ||    30
         Potion            |       |     1 |     1 |    11 ||    13
   Stab: Distracted        |       |       |       |     1 ||     1
         Invisible         |       |       |       |     1 ||     1
 Armour: Skin              |    11 |    45 |   106 |   128 ||   290
  Dodge: Dodged            |    23 |    65 |   122 |   183 ||   393
  Block: Buckler           |       |       |       |    54 ||    54
         Reflection        |       |       |       |     2 ||     2
